Unix NetHack Version 3.7.0-59 Work-in-progress - last build Jun 2 2022 03:59:05 (05420cef104f2102be295c3e72b2481733d3ab8f,branch:master). Game began 2022-06-04 04:56:35, ended 2022-06-04 05:20:57. Muad, lawful female human Priestess ------ |((/.|-- |(](.-.| ---.. |((!.|.| ....... ---------.--+- -......... -.@..)........----....{..... .o-----|---+-............... ... ---..|.........- -...--...---%- ----- ... --- --+--- |...| .... |.| |....| |...---....|.- |%.%%| |........*.|..| ------ |.....|....|).- --- --...-- |.%..|.-- --..| |..[...... |.. ----.....-|.- |.. ---------.| ...|..- |..--.........| -.....| --.......------ --..<| ----- --- Muad the Acolyte St:15 Dx:13 Co:13 In:9 Wi:18 Ch:10 Lawful Dlvl:7 $:5 HP:0(37) Pw:74(74) AC:2 Xp:5/266 T:1766 Latest messages: You read: "Elbereth". You see here a carrot (for sale, 9 zorkmids). You get released! The large mimic turns to flee. In what direction? 2 The door closes. You hear an animal carcass being offered in sacrifice. This door is locked. "Hello, Muad! Welcome to Izchak's lighting store!" You see here a runed wand (for sale, 133 zorkmids). You see here a candle (for sale, 27 zorkmids). You see here 5 candles (for sale, 135 zorkmids). You see here a candle (for sale, 13 zorkmids). You see here a candle (for sale, 36 zorkmids). You see here a candle (for sale, 18 zorkmids). You see here a blessed ruby potion (for sale, 444 zorkmids). "For you, most gracious lady; only 444 zorkmids for this ruby potion." G - a blessed ruby potion (unpaid, 444 zorkmids). What do you want to call? [dghj-lnqszABDEGH or ?*] G Call a ruby potion: oil What do you want to drop? [$a-hj-lnoq-szABDEGH or ?*] G You drop a blessed potion called oil (unpaid, 444 zorkmids). You see here a cursed candle (for sale, 13 zorkmids). The gnome thrusts one of her daggers. The gnome just misses! You kill the gnome! You see here 5 cursed daggers. You hit the gnome! You kill the gnome! You hear the chime of a cash register. You hit the hill orc! You kill the hill orc! You see here an iron skull cap. The hill orc thrusts her crude dagger. The hill orc misses! You see here an iron skull cap. You hit the hill orc! The hill orc thrusts her crude dagger. The hill orc hits! You hit the hill orc! You hit the hill orc! The hill orc thrusts her crude dagger. The hill orc hits! You kill the hill orc! The hill orc picks up a crude dagger. You hit the hill orc! The hill orc swings her curved sword. The hill orc hits! You die... Do you want your possessions identified? [ynq] (y) q Major events: Turn 1: Muad the lawful human Priestess entered the dungeon 983: attained the rank of Acolyte (level 3) 990: entered the Gnomish Mines 1700: reached Mine Town 1766: killed by a hill orc Inventory: Coins $ - 5 gold pieces Weapons r - a +0 sling a - a blessed +1 mace (weapon in hand) Armor H - a blessed +2 orcish helm (being worn) B - a blessed +1 pair of low boots (being worn) c - a +0 small shield (being worn) b - a +0 robe (being worn) Comestibles e - 2 cloves of garlic f - a sprig of wolfsbane Scrolls D - a blessed scroll of amnesia j - a scroll of identify Spellbooks h - a spellbook of detect monsters g - a spellbook of light q - a spellbook of magic missile Potions s - a potion of levitation n - a potion of sleeping d - 4 potions of holy water k - a potion of water Wands l - a wand of cold (0:3) A - a wand of polymorph (0:4) E - a wand of speed monster (0:5) Tools o - a brass lantern Gems/Stones z - a worthless piece of orange glass Muad the Priestess's attributes: Background: You were an Acolyte, a level 5 human Priestess. You were lawful, nominally on a mission for Mercury who was opposed by Venus (neutral) and Mars (chaotic). You were in the Gnomish Mines, on level 7. You entered the dungeon 1766 turns ago. It was nighttime. You had 266 experience points, 54 more were needed to attain level 6. Basics: You had 0 out of 37 hit points. You had all 74 energy points (spell power). Your armor class was 2. Your wallet contained 5 zorkmids. Autopickup was on for '$0' plus thrown. Final Characteristics: Your strength was 15 (limit:18/100). Your dexterity was 13 (limit:18). Your constitution was 13 (limit:18). Your intelligence was 9 (limit:18). Your wisdom was 18 (limit:18). Your charisma was 10 (limit:18). Final Status: You were not hungry. You were unencumbered. You were wielding a mace. You were skilled in mace. Final Attributes: You were devoutly aligned. You were guarded. You were fast. You are dead. Miscellaneous: You never encountered a bones level. Total elapsed playing time was 24 minutes and 21 seconds. Vanquished creatures: a shrieker 2 gnome leaders a gray ooze a dwarf a homunculus 2 hill orcs 2 coyotes 2 hobbits a cave spider 17 gnomes 2 gnome zombies 3 geckos 4 jackals 2 foxes a goblin 3 lichens a kobold zombie 6 newts 52 creatures vanquished. No species were genocided or became extinct. Voluntary challenges: You were an atheist. You read items or engraved 1 time. You engraved Elbereth 1 time. You never genocided any monsters. You never polymorphed an object. You never changed form. You used no wishes. Achievements: You entered a shop. You attained the rank of Acolyte. You entered the Gnomish Mines. You entered Minetown. The Dungeons of Doom: levels 1 to 3 Level 1: Level 2: Level 3: An armor shop, a fountain. Stairs down to The Gnomish Mines. The Gnomish Mines: levels 4 to 7 Level 4: Level 5: Level 6: Level 7: <- You were here. Some shops, a fountain. Final resting place for you, killed by a hill orc. Game over: ---------- / \ / REST \ / IN \ / PEACE \ / \ | Muad | | 5 Au | | killed by a hill | | orc | | | | | | 2022 | *| * * * | * _________)/\\_//(\/(/\)/\//\/|_)_______ Goodbye Muad the Priestess... You died in The Gnomish Mines on dungeon level 7 with 1369 points, and 5 pieces of gold, after 1766 moves. You were level 5 with a maximum of 37 hit points when you died.